 Dungeon Crawl Stone Soup version 0.28.0-43-g3370ac3207 (webtiles) character file.

Game seed: 16015884169859965442

22 silky the Skirmisher (level 2, -1/33 HPs)
             Began as an Ogre Berserker on Mar 29, 2022.
             Was a Follower of Yredelemnul.
             Slain by a polar bear (5 damage)
             ... created by the rage of Trog
             ... on level 1 of the Dungeon.
             The game lasted 00:05:05 (397 turns).

silky the Skirmisher (Ogre Berserker)                Turns: 397, Time: 00:05:07

Health: -1/33      AC:  3    Str: 20    XL:     2   Next: 91%
Magic:  2/2        EV: 10    Int:  8    God:    Yredelemnul [*.....]
Gold:   18         SH:  0    Dex:  8    Spells: 1/1 levels left

rFire   . . .      SeeInvis .   a - +0 spear
rCold   . . .      Faith    .   (no shield)
rNeg    . . .      Spirit   .   b - +0 animal skin
rPois   .          Reflect  .   (helmet restricted)
rElec   .          Harm     .   (no cloak)
rCorr   .          Rampage  .   (gloves unavailable)
Will    .....                   (boots unavailable)
Stlth   +.........              (no amulet)
HPRegen 0.11/turn               (no ring)
MPRegen 0.08/turn               (no ring)

@: no status effects
A: large, unfitting armour, tough skin 1
a: Renounce Religion, Recall Undead Harvest


You were on level 1 of the Dungeon.
You worshipped Yredelemnul.
Yredelemnul was noncommittal.
You visited 1 branch of the dungeon, and saw 1 of its levels.

You collected 18 gold pieces.

Inventory:

Hand Weapons
 a - a +0 spear (weapon)
Missiles
 c - 18 arrows
Armour
 b - a +0 animal skin (worn)
Potions
 d - a potion of brilliance {unknown}


   Skills:
 + Level 4.5 Fighting
 + Level 3.3 Polearms
 + Level 3.1 Dodging


You had one spell level left.
You didn't know any spells.
Your spell library contained the following spells:

 Spells                   Type           Power      Damage    Failure   Level
 Conjure Flame            Conj/Fire      0%         6-21      78%         3
 Ignite Poison            Fire/Tmut/Pois 0%         N/A       78%         3
 Sticky Flame             Conj/Fire      0%         2d3       99%         4


Dungeon Overview and Level Annotations

Branches:
Dungeon (1/15)

Altars:
Yredelemnul


Innate Abilities, Weirdness & Mutations

You are too large for most types of armour.
You have tough skin. (AC +1)


Message History

You hit the jackal.
You kill the jackal!
A black mist starts to gather...
Your adder zombie closely misses the ball python.
The ball python bites your adder zombie.
The ball python constricts your adder zombie.
Your adder zombie closely misses the ball python.
You hit the ball python.
You kill the ball python!
A black mist starts to gather...
Your adder zombie barely misses the ball python.
The ball python bites your adder zombie.
The ball python constricts your adder zombie.
Your adder zombie barely misses the ball python.
Your jackal zombie bites the ball python.
The ball python dies!
A black mist starts to gather...
You swap places.
You're too inexperienced to learn that spell!
Okay, then.
d - an inky potion Trog sends monsters to punish you.
A polar bear and 2 black bears come into view.
Your ball python zombie bites the polar bear but does no damage.
The black bear bites you. The black bear misses you. The black bear claws you.
Your adder zombie bites the polar bear.
The black bear bites your ball python zombie!
The black bear claws your ball python zombie.
Your ball python zombie is destroyed!
The polar bear bites your adder zombie. The polar bear claws your adder zombie.
Your adder zombie is destroyed!
Your jackal zombie bites the black bear.
The black bear bites your spectral endoplasm!
Your spectral endoplasm is destroyed!
Your jackal zombie bites the polar bear but does no damage.
The polar bear bites you!
* * * LOW HITPOINT WARNING * * *
The polar bear barely misses you. The polar bear claws you.
You die...
Your body rises from the dead as a mindless zombie.

.#.....#.......#
#..............# #...
..........# #.... .........#
.#.## #.......######## .#.#
#....h.........# ...#
#.....ZZ.......# #..#
#......Zhh.....# ...#
#......Z.@.....# #..###
#..............#
#....###.......########
.)........###### ..>.......#
######### ..........# #.......#
..........# #.......#
..........####.......##########
..(...........................#


You could see a polar bear (berserk), 2 black bears, a friendly ball python
zombie, a friendly adder zombie, a friendly jackal zombie and a friendly goblin
zombie.

Vanquished Creatures
  3 ball pythons (D:1)
  3 bats (D:1)
  An endoplasm (D:1)
  A goblin (D:1)
  A hobgoblin (D:1)
  A jackal (D:1)
  A kobold (D:1)
  A rat (D:1)
12 creatures vanquished.

Vanquished Creatures (collateral kills)
  2 endoplasms (D:1)
  2 hobgoblins (D:1)
  2 jackals (D:1)
  A ball python (D:1)
7 creatures vanquished.

Vanquished Creatures (others)
  An adder zombie (D:1)
  3 bat zombies (D:1)
  A ball python zombie (D:1)
  A rat zombie (D:1)
  A spectral endoplasm (D:1)
7 creatures vanquished.

Grand Total: 26 creatures vanquished

Notes
Turn   | Place    | Note
-------+----------+-------------------------------------------
     0 | D:1      | silky the Ogre Berserker began the quest for the Orb.
     0 | D:1      | Reached XP level 1. HP: 24/24 MP: 1/1
   275 | D:1      | Noticed a shining eye
   277 | D:1      | Found a faded altar of an unknown god.
   279 | D:1      | Noticed a golden eye
   279 | D:1      | Noticed a floating eye
   279 | D:1      | Noticed a golden eye
   284 | D:1      | Reached XP level 2. HP: 32/32 MP: 2/2
   293 | D:1      | Prayed at the altar of an unknown god.
   293 | D:1      | Fell from the grace of Trog
   293 | D:1      | Became a worshipper of Yredelemnul the Dark
   293 | D:1      | Reached * piety under Yredelemnul
   340 | D:1      | Reached ** piety under Yredelemnul
   395 | D:1      | Noticed a black bear
   395 | D:1      | Noticed a polar bear
   395 | D:1      | Noticed a black bear
   397 | D:1      | Slain by a polar bear

Illustrated notes

Levels and vault maps discovered:
D:1:      giann_horns, layout_basic, hellmonk_ecumenical_altar_watching_god,
          minmay_pentomino_x4

Skill      XL: |  1  2 |
---------------+-------+-----
Dodging        | 3 |  3.1
Fighting       | |  4.5
Polearms       | |  3.3

Action                   || total
-------------------------++-------
Melee: Spear             ||    36
Armor: Animal skin       ||    12
Dodge: Dodged            ||    21
